 Dungeon Crawl Stone Soup version 0.25.1-2-g60ff931df9 (webtiles) character file.

Game seed: 16891637679797037970

347 ThunderChild the Cudgeler (level 6, 0/53 HPs)
             Began as a Minotaur Berserker on Sept 29, 2020.
             Was a Believer of Trog.
             Killed from afar by Sigmund (6 damage)
             ... with a magic dart
             ... on level 4 of the Dungeon on Sept 30, 2020.
             The game lasted 00:30:18 (3507 turns).

ThunderChild the Cudgeler (Minotaur Berserker)      Turns: 3507, Time: 00:30:18

Health: 0/53       AC:  7    Str: 23    XL:     6   Next: 32%
Magic:  5/5        EV: 11    Int:  4    God:    Trog [**....]
Gold:   333        SH:  0    Dex: 10    Spells: 5/5 levels left

rFire    . . .     SeeInvis .   q - +5 flail (protect)
rCold    . . .     Gourm    .   (no shield)
rNeg     . . .     Faith    .   n - +0 scale mail
rPois    .         Spirit   .   (helmet restricted)
rElec    .         Reflect  .   (no cloak)
rCorr    .         Harm     .   (no gloves)
MR       .....                  (no boots)
Stlth    ..........             (no amulet)
HPRegen  0.17/turn              (no ring)
MPRegen  0.09/turn              (no ring)

@: berserk cooldown, slowed, very slow
A: retaliatory headbutt, horns 2
a: Berserk, Trog's Hand, Renounce Religion


You were on level 4 of the Dungeon.
You worshipped Trog.
Trog was pleased with you.
You were hungry.

You visited 1 branch of the dungeon, and saw 4 of its levels.

You collected 333 gold pieces.

Inventory:

Hand Weapons
 b - a +1 short sword of holy wrath
 l - a +0 hunting sling
 q - a +5 flail of protection (weapon)
Missiles
 a - 3 javelins
 f - 111 stones (quivered)
Armour
 n - a +0 scale mail (worn)
Jewellery
 t - an uncursed ring of magical power
Wands
 o - a wand of flame (29)
Scrolls
 g - 2 scrolls of remove curse
 h - 2 scrolls of teleportation {unknown}
 i - a scroll of noise {unknown}
 j - 6 scrolls of identify
 p - a scroll of enchant armour {unknown}
Potions
 d - a potion of resistance {unknown}
 e - a potion of brilliance {unknown}
 k - a potion of flight {unknown}
 m - a potion of experience {unknown}
 r - a potion of heal wounds {unknown}
 s - 3 potions of ambrosia {unknown}
 u - a potion of curing {unknown}
Comestibles
 c - a ration
 v - 3 chunks of flesh


   Skills:
 + Level 4.3 Fighting
 + Level 5.0 Maces & Flails
 + Level 3.8 Throwing
 + Level 4.0 Armour
 + Level 3.2 Dodging
 + Level 0.4 Stealth


You had 5 spell levels left.
You didn't know any spells.
Your spell library was empty.

Dungeon Overview and Level Annotations

Branches:
Dungeon (4/15)
 Temple: D:4-7

Altars:
Ashenzari
Gozag
Okawaru
Ru
Vehumet
The Shining One

Annotations:
D:4 1 runed translucent door, Sigmund


Innate Abilities, Weirdness & Mutations

You reflexively headbutt those who attack you in melee.
You have a pair of horns on your head.


Message History

Trog accepts your kill.
A magic dart appears from out of thin air!
The magic dart hits you.
A magic dart appears from out of thin air!
The magic dart hits you.
You start resting.
You hear some strange, mumbled words.
Something tries to affect you, but you resist.
Something hits you!
You start resting.
Something hits you!
You start resting.
Something hits you.
Sigmund appears from thin air!
Reactivating autopickup.
Sigmund hits you from afar with a +0 scythe!
* * * LOW HITPOINT WARNING * * *
Sigmund casts a spell at you. You resist with some effort.
Sigmund gestures at you while chanting. The magic dart hits you.
You die...

##.....######..# #.<.....
##...#....#....# #...##..
....##.......# ##.#.#..
.......###...# #.#..##
.......##....# ..#....
#.....####...## ##.##...
##.....###....# ##.##...
##.###..##...@############..#....
.....#..#...#...@...##.........#.
..#........#..##.##.....##...#.._
#.#............##.....#.###..###.
#..........^..###..#....##...# #.
#..##......##.###.##....##...# ##
..####....###.##...#...####.##
.†#.##...## #............#..#
#...#..#.# #...####........#
##.....### #....# #..##..###


You could see Sigmund.

Vanquished Creatures
  An ogre (D:4)
  A scorpion (D:4)
  An orc wizard (D:3)
  Terence (D:3)
  2 worker ants (D:4)
  3 adders
  An ooze (D:2)
  A worm (D:2)
  2 dart slugs
  2 leopard geckos (D:1)
  6 orcs (D:3)
  A ball python (D:4)
  10 bats
  3 giant cockroaches
  4 goblins
  10 hobgoblins
  8 kobolds
  2 quokkas (D:3)
  2 frilled lizards (D:2)
  11 rats
72 creatures vanquished.

Notes
Turn   | Place    | Note
-------+----------+-------------------------------------------
     0 | D:1      | ThunderChild the Minotaur Berserker began the quest for the
                  | Orb.
     0 | D:1      | Reached XP level 1. HP: 19/19 MP: 0/0
   471 | D:1      | Reached XP level 2. HP: 27/27 MP: 1/1
   522 | D:1      | Reached skill level 4 in Maces & Flails
  1480 | D:2      | Reached XP level 3. HP: 33/33 MP: 2/2
  1543 | D:2      | Found an opulent altar of Gozag.
  1597 | D:2      | Reached skill level 1 in Throwing
  1688 | D:2      | Found a sacrificial altar of Ru.
  1734 | D:2      | Reached ** piety under Trog
  2193 | D:2      | Reached XP level 4. HP: 40/40 MP: 3/3
  2374 | D:3      | Found an iron altar of Okawaru.
  2847 | D:3      | Noticed Terence
  2858 | D:3      | Killed Terence
  2858 | D:3      | Reached XP level 5. HP: 46/46 MP: 4/4
  3181 | D:4      | Noticed Sigmund
  3231 | D:4      | Found a radiant altar of Vehumet.
  3436 | D:4      | Found a glowing golden altar of the Shining One.
  3436 | D:4      | Found a runed translucent door.
  3436 | D:4      | Noticed an angel
  3470 | D:4      | Found a shattered altar of Ashenzari.
  3471 | D:4      | Noticed an ogre
  3479 | D:4      | Killed an ogre
  3479 | D:4      | Reached skill level 5 in Maces & Flails
  3479 | D:4      | Reached XP level 6. HP: 53/53 MP: 5/5
  3507 | D:4      | Killed from afar by Sigmund

Illustrated notes

Levels and vault maps discovered:
D:1:      lemuel_arrival_cross, layout_basic, kennysheep_boxes
D:2:      layout_basic, nicolae_overflow_crystal_walls, first_ration,
          nicolae_gozag_cash_rules_everything_around_me
D:3:      minmay_chambers_of_twos, layout_basic, okawaru_gym_becter,
          uniq_terence
D:4:      minmay_chambers_of_threes, layout_cave_pools, old_standard_altar,
          cheibriados_altar_1, lemuel_crystal_altar, grunt_qazlal_sundering,
          lemuel_angel_altar, uniq_duvessa, uniq_sigmund

Skill      XL: |  1  2  3  4  5  6 |
---------------+-------------------+-----
Maces & Flails | 4 5 |  5.0
Fighting       | 4 |  4.3
Throwing       | 1 2 3 |  3.8
Armour         | 3 4 |  4.0
Dodging        | 3 |  3.2
Stealth        | |  0.4

Action                   |  1- 3 |  4- 6 || total
-------------------------+-------+-------++-------
Melee: Mace              |    60 |    19 ||    79
       Headbutt          |     5 |     6 ||    11
       Flail             |       |    33 ||    33
 Fire: Hunting sling     |       |     2 ||     2
Throw: Stone             |    65 |    26 ||    91
       Javelin           |    28 |    15 ||    43
Invok: Berserk           |       |     3 ||     3
  Use: Scroll            |       |     3 ||     3
  Eat: Chunk             |     1 |     2 ||     3
       Ration            |     1 |     1 ||     2
Armor: Ring mail         |     8 |       ||     8
       Scale mail        |    11 |    20 ||    31
Dodge: Dodged            |    51 |    28 ||    79
